 Dungeon Crawl Stone Soup version 0.31-a0-1611-g890cdf5628 (webtiles) character file.

Game seed: 7518451156611756039

697 Laraso the Firebug (level 7, 50/50 HPs)
             Began as a Green Draconian Fire Elementalist on Jan 8, 2024.
             Was an Initiate of Sif Muna.
             Quit the game on level 5 of the Dungeon.
             The game lasted 00:07:02 (4537 turns).

Laraso the Firebug (DrFE)                           Turns: 4537, Time: 00:07:03

Health: 50/50      AC:  6    Str: 10    XL:     7   Next: 37%
Magic:  7/13       EV: 12    Int: 18    God:    Sif Muna [......]
Gold:   219        SH:  0    Dex: 11    Spells: 7/14 levels left

rFire   . . .        m - +2 short sword (venom)
rCold   . . .        (no shield)
rNeg    . . .        (body armour unavailable)
rPois   +            (helmet restricted)
rElec   .            (no cloak)
rCorr   +            (no gloves)
SInv    .            (no boots)
Will    .....        (no amulet)
Stlth   ++           h - ring of resist corrosion
HPRegen 0.28/turn    (no ring)
MPRegen 0.13/turn

%: no passive effects
@: no status effects
A: breathe noxious fumes, AC +6, unfitting armour, poison resistance,
cold-blooded
a: Breathe Noxious Fumes, Renounce Religion


You were on level 5 of the Dungeon.
You worshipped Sif Muna.
Sif Muna was noncommittal.
You visited 2 branches of the dungeon, and saw 6 of its levels.

You collected 219 gold pieces.

Inventory:

Hand Weapons
 m - a +2 short sword of venom (weapon)
Missiles
 o - 3 throwing nets
Jewellery
 h - a ring of resist corrosion (left hand)
Scrolls
 b - a scroll of enchant armour
 d - a scroll of brand weapon
 e - a scroll of fear {unknown}
 g - a scroll of poison {unknown}
 i - 2 scrolls of immolation {unknown}
 k - a scroll of vulnerability {unknown}
 l - a scroll of noise {unknown}
 n - a scroll of fog {unknown}
 p - a scroll of enchant weapon {unknown}
 s - a scroll of identify
Potions
 a - a potion of magic
 c - a potion of berserk rage
 f - 2 potions of heal wounds
 j - 2 potions of curing
 q - a potion of lignification {unknown}
 r - 2 potions of ambrosia {unknown}
 t - a potion of enlightenment {unknown}


   Skills:
 - Level 1.7 Dodging
 - Level 1.7 Stealth
 - Level 4.0 Spellcasting
 * Level 4.9 Conjurations
 - Level 6.0 Fire Magic


You had 7 spell levels left.
You knew the following spells:

 Your Spells              Type           Power      Damage    Failure   Level
a - Foxfire               Conj/Fire      92%        2x1d8     1%          1
b - Scorch                Fire           50%        2d7       1%          2
c - Flame Wave            Conj/Fire      23%        2d8       16%         4

Your spell library contained the following spells:

 Spells                   Type           Power      Damage    Failure   Level
 Sting                    Conj/Alch      48%        1d6       5%          1
 Inner Flame              Hex/Fire       14%        N/A       13%         3
 Volatile Blastmotes      Fire/Tloc      28%        2d12      13%         3
 Apportation              Tloc           6%         N/A       14%         1
 Necrotise                Necr           12%        1d4       14%         1
 Summon Small Mammal      Summ           12%        N/A       14%         1


Dungeon Overview and Level Annotations

Branches:
Dungeon (5/15)             Temple (1/1) D:5

Altars:
Ashenzari
Cheibriados
Dithmenos
Elyvilon
Fedhas
Gozag
Hepliaklqana
Kikubaaqudgha
Makhleb
Nemelex Xobeh
Okawaru
Qazlal
Ru
Sif Muna
Trog
Uskayaw
Wu Jian
Xom
Yredelemnul
Zin

Annotations:
D:2 Terence


Innate Abilities, Weirdness & Mutations

You can breathe blasts of noxious fumes.
Your lurid green scales are hard. (AC +6)
You cannot fit into any form of body armour.
Your system is resistant to poisons. (rPois)
You are cold-blooded and may be slowed by cold attacks.


Message History

Unknown command.
Casting: Scorch (safe; 1% risk of failure)
Confirm with . or Enter, or press ? or * to list all spells.
Flames lash the shadow imp.
The shadow imp is heavily wounded.
The shadow imp's fire resistance burns away.
The shadow imp gestures at you. Pain shoots through your body!
Casting: Scorch (safe; 1% risk of failure)
Confirm with . or Enter, or press ? or * to list all spells.
Flames lash the shadow imp.
The shadow imp is burned terribly!
You kill the shadow imp!
Sif Muna accepts your kill.
Unknown command.
Casting: Scorch (safe; 1% risk of failure)
Confirm with . or Enter, or press ? or * to list all spells.
Flames lash the orc.
You kill the orc!
Sif Muna accepts your kill.
Unknown command.
You see here a +0 flail.
The orc closely misses you.
You hit the orc.
You kill the orc!
Sif Muna accepts your kill.
Things that are here:
a +0 club; an orc corpse You start resting.
You have got your breath back.
You start resting.
HP restored.
WARNING: ABOUT TO ENTER EXPLORE MODE!
In explore mode, death is optional.
Once you set a character to explore mode, you can't switch back.
If you continue, your game will not be scored!
Do you really want to enter explore mode? (Confirm with "yes".)
Okay, then.
Unknown command.
Okay, then.
Are you sure you want to abandon this character and quit the game? (Confirm with "yes".)

....##.# #... ###.##.##
####.#######
#.#...#####...........
#...#>......##.#...>.
#####...########)#.###.
.......## ###.#.#
######.# #.)...# ..#
#....## .#.# #..@<#
#.#.# #....# # #.#
#..### #.. #.. ## ...
###. .. ##


There were no monsters in sight!

Vanquished Creatures
  An ogre (D:5)
  2 scorpions
  2 bombardier beetles
  Jessica (D:3)
  Natasha (twice) (D:2)
  An orc wizard (D:5)
  Robin (D:2)
  9 gnolls
  5 adders
  2 shadow imps (D:5)
  An ufetubus (D:5)
  9 orcs (D:5)
  5 bats
  10 endoplasms
  A giant cockroach (D:4)
  6 hobgoblins
  2 jackals (D:1)
  A quokka (D:3)
  7 ball pythons
  2 frilled lizards (D:1)
  10 goblins
  2 kobolds
  4 rats
  A butterfly (D:5)
87 creatures vanquished.

Vanquished Creatures (collateral kills)
  An ogre (D:4)
  A giant cockroach (D:4)
  A hobgoblin (D:4)
3 creatures vanquished.

Vanquished Creatures (others)
  62 foxfires
62 creatures vanquished.

Grand Total: 152 creatures vanquished

Notes
Turn   | Place    | Note
-------+----------+-------------------------------------------
     0 | D:1      | Laraso the Draconian Fire Elementalist began the quest for
                  | the Orb.
     0 | D:1      | Reached XP level 1. HP: 14/14 MP: 3/3
   276 | D:1      | Reached XP level 2. HP: 20/20 MP: 3/5
   311 | D:1      | Learned a level 2 spell: Scorch
   518 | D:1      | Found a faded altar of an unknown god.
   906 | D:2      | Reached XP level 3. HP: 26/26 MP: 4/7
   976 | D:2      | Noticed Robin
   979 | D:2      | Killed Robin
  1286 | D:2      | Noticed Terence
  1354 | D:2      | Noticed Natasha
  1526 | D:3      | Noticed Jessica
  1530 | D:3      | Killed Jessica
  1531 | D:3      | Reached XP level 4. HP: 20/33 MP: 2/10
  1908 | D:3      | Found a snail-covered altar of Cheibriados.
  1910 | D:3      | Found a shadowy altar of Dithmenos.
  1927 | D:3      | Reached skill level 4 in Fire Magic
  1955 | D:3      | Learned a level 4 spell: Flame Wave
  2195 | D:3      | Reached XP level 5. HP: 38/38 MP: 2/11
  2553 | D:2      | Killed Natasha
  2752 | D:2      | Noticed Natasha
  2774 | D:2      | Killed Natasha
  3162 | D:4      | Reached XP level 6. HP: 45/45 MP: 6/12
  3314 | D:4      | Reached skill level 5 in Fire Magic
  4063 | D:5      | Entered Level 5 of the Dungeon
  4063 | D:5      | Found a staircase to the Ecumenical Temple.
  4066 | D:5      | Reached skill level 6 in Fire Magic
  4066 | D:5      | Your scales start taking on a lurid green colour.
  4066 | D:5      | Reached XP level 7. HP: 50/50 MP: 8/13
  4066 | D:5      | Gained mutation: Your system is resistant to poisons.
                  | (rPois) [Green Draconian growth]
  4081 | Temple   | Entered the Ecumenical Temple
  4171 | Temple   | Became a worshipper of Sif Muna the Loreminder
  4537 | D:5      | Quit the game

Illustrated notes

Levels and vault maps discovered:
D:1:      mainiacjoe_arrival_reflecting_pool, layout_rooms,
          basic_ecumenical_altar
D:2:      layout_basic, uniq_robin, uniq_terence, uniq_natasha
D:3:      layout_loops_ring, chequers_temple_overflow_statue_of_worship,
          uniq_jessica
D:4:      layout_loops_ring
D:5:      layout_loops_ring, minmay_temple_entry_butterflies, serial_demonic,
          serial_demonic_g, serial_demonic_c, serial_demonic_g,
          serial_demonic_g, kennysheep_generic_room_14
Temple:   nicolae_temple_no_exploring_needed

Skill      XL: |  1  2  3  4  5  6  7 |
---------------+----------------------+-----
Spellcasting   | 3 4 |  4.0
Fire Magic     | 4 6 |  6.0
Conjurations   | 2 3 4 |  4.9
Dodging        | |  1.7
Stealth        | |  1.7

Action                     |  1- 3 |  4- 6 |  7- 9 || total
---------------------------+-------+-------+-------++-------
  Melee: Whip              |    15 |       |       ||    15
         Tailslap          |     2 |       |     1 ||     3
         Short sword       |       |     7 |     5 ||    12
   Cast: Foxfire           |    25 |     2 |    11 ||    38
         Scorch            |    20 |    50 |     9 ||    79
         Flame Wave        |       |       |     1 ||     1
Ability: Breathe Noxious F |       |       |     2 ||     2
    Use: Scroll            |     4 |     4 |       ||     8
 Armour: Skin              |     9 |    12 |    11 ||    32
  Dodge: Dodged            |    10 |    12 |     7 ||    29

Table legend: (Time is in decaauts)
 A = Elapsed time spent in this place.
 B = Non-inter-level travel time spent in this place.
 C = Inter-level travel time spent in this place.
 D = Time resting spent in this place.
 E = Time spent auto-exploring this place.
 F = Levels seen in this place.
 G = Mean time per level.
                   A        B        C        D        E       F      G
               +--------+--------+--------+--------+--------+-----+--------+
         Total |   4538 |   4409 |    129 |    852 |   2832 |   6 |  756.3 |
       Dungeon |   4440 |   4323 |    117 |    769 |   2832 |   5 |  888.0 |
        Temple |     97 |     85 |     12 |     83 |      0 |   1 |   97.0 |
               +--------+--------+--------+--------+--------+-----+--------+

Top non-repeatable levels by time:
     D:3: 1175 daAuts
     D:2: 1160 daAuts
     D:4: 923 daAuts
     D:1: 804 daAuts
     D:5: 376 daAuts
  Temple: 97 daAuts
